 Dungeon Crawl Stone Soup version 0.19-a0-854-gc78d25d (webtiles) character file.

69 Implojin the Ruffian (level 4, 0/44 HPs)
             Began as a Troll Abyssal Knight on July 1, 2016.
             Was a Follower of Lugonu.
             Succumbed to a water moccasin's poison
             ... on level 3 of the Dungeon.
             The game lasted 00:01:45 (300 turns).

Implojin the Ruffian (Troll Abyssal Knight)          Turns: 300, Time: 00:01:45

Health: 0/44       AC:  6    Str: 20    XL:     4   Next: 2%
Magic:  4/4        EV: 10    Int:  8    God:    Lugonu [*.....]
Gold:   0          SH:  0    Dex: 10    Spells: 0 memorised, 3 levels left

rFire  . . .     SeeInvis .       - Unarmed
rCold  . . .     Gourm    +     a - +0 robe
rNeg   . . .     Faith    .     (no shield)
rPois  .         Spirit   .     (helmet restricted)
rElec  .         Dismiss  .     f - +0 cloak
rCorr  .         Reflect  .     (gloves unavailable)
SustAt .         Harm     .     (boots unavailable)
MR     .....                    (no amulet)
Stlth  +.........               (no ring)
                                (no ring)

@: lethally poisoned (0 -> -20), not resistant to hostile enchantments, very
unstealthy
A: unfitting armour, claws 3, fast metabolism 3, gourmand, regeneration 2,
shaggy fur 1, tough skin 2
a: Depart the Abyss, Renounce Religion


You were on level 3 of the Dungeon.
You worshipped Lugonu.
Lugonu was aware of your devotion.
You were completely stuffed.

You visited 1 branch of the dungeon, and saw 3 of its levels.
You visited the Abyss 1 time.

Inventory:

Armour
 a - a +0 robe (worn)
 f - a +0 cloak (worn)
Comestibles
 b - 2 bread rations


   Skills:
 - Level 2.4 Fighting
 - Level 1.9 Dodging
 * Level 4.3 Unarmed Combat
 - Level 1.5 Invocations


You had 3 spell levels left.
You didn't know any spells.

Dungeon Overview and Level Annotations

Branches:
Dungeon (3/15)

Altars:


Innate Abilities, Weirdness & Mutations

You are too large for most types of armour.
You have claws for hands.
Your metabolism is lightning-fast.
You like to eat raw meat.
You heal very quickly.
You are covered in fur. (AC +1)
You have very tough skin. (AC +2)


Message History

You feel sick. The water moccasin bites you.
* * * LOW HITPOINT WARNING * * *
As you read the scroll labeled HISUON AKLUIDD, it crumbles to dust.
It is a scroll of recharging.
You aren't carrying any rechargeable items.
You feel sick.
The water moccasin completely misses you.
The water moccasin bites you.
* * * LOW HITPOINT WARNING * * *
You are more poisoned.
The water moccasin poisons you!
Okay, then.
You scratch the water moccasin but do no damage.
You feel sick. The water moccasin closely misses you.
Unknown command.
Unknown command.
You closely miss the water moccasin.
You feel sick. The water moccasin closely misses you.
You closely miss the water moccasin.
You feel sick. The water moccasin bites you.
* * * LOW HITPOINT WARNING * * *
You are lethally poisoned!
The water moccasin poisons you!
Unknown command.
You scratch the water moccasin.
The water moccasin is lightly wounded.
* * * LOW HITPOINT WARNING * * *
You feel very sick. The water moccasin bites you.
* * * LOW HITPOINT WARNING * * *
The water moccasin barely misses you.
You claw the water moccasin!
The water moccasin is moderately wounded.
* * * LOW HITPOINT WARNING * * *
You feel sick. The water moccasin bites you.
* * * LOW HITPOINT WARNING * * *
Unknown command.
You scratch the water moccasin.
The water moccasin is heavily wounded.
You die...

... #.# ### #.# ..# #.#
##.# ##. #.# ... ....
#.#.###.###.....
#.#.S........#
#.#####......# ###
♣♣##.#..@SS..#..# ))#♣♣
♣♣P...#.###......#
))')♣♣♣♣............##.##
))#♣))♣)P.....###...# .#
###♣♣♣)♣).....###...## #
♣♣♣♣♣##.)[.......
###.####.## #..# .##.
##.## #.#


You could see a water moccasin and an adder.

Vanquished Creatures
  Crazy Yiuf (D:3)
  Robin (D:3)
  An adder (D:3)
  A giant gecko (D:3)
  3 orcs (D:3)
  3 hobgoblins
  A bat (D:3)
  5 goblins
16 creatures vanquished.

Notes
Turn   | Place    | Note
-------+----------+-------------------------------------------
     0 | Abyss:1  | Implojin the Troll Abyssal Knight began the quest for the Orb.
     0 | Abyss:1  | Reached XP level 1. HP: 22/22 MP: 1/1
     0 | D:1      | Escaped the Abyss
    81 | D:3      | Reached XP level 2. HP: 28/29 MP: 2/2
    83 | D:3      | Reached skill level 3 in Unarmed Combat
   121 | D:3      | Noticed Robin
   134 | D:3      | Reached * piety under Lugonu
   202 | D:3      | Killed Robin
   202 | D:3      | Reached XP level 3. HP: 35/36 MP: 3/3
   239 | D:3      | Found a runed door.
   243 | D:3      | Noticed Crazy Yiuf
   250 | D:3      | Killed Crazy Yiuf
   250 | D:3      | Reached skill level 4 in Unarmed Combat
   250 | D:3      | Reached XP level 4. HP: 19/44 MP: 4/4
   285 | D:3      | Noticed a water moccasin
   300 | D:3      | Succumbed to a water moccasin's poison

Vault maps used:
D:1:      dpeg_arrival_castle, columned_hall_lemuel
D:2:      grunt_pakellas_salt
D:3:      makhleb_altar_promises_db, minmay_ogre_servants, uniq_robin,
          uniq_crazy_yiuf_cottage

Skill      XL: |  1  2  3 |
---------------+----------+-----
Unarmed Combat | 3 4 |  4.3
Fighting       | |  2.4
Dodging        | |  1.9
Invocations    | |  1.5

Action                   |  1- 3 |  4- 6 || total
-------------------------+-------+-------++-------
Melee: Unarmed           |    48 |     9 ||    57
       Punch             |     1 |       ||     1
Invok: Depart the Abyss  |     1 |       ||     1
  Use: Scroll            |       |     2 ||     2
       Potion            |       |     1 ||     1
  Eat: Chunk             |     6 |     2 ||     8
Armor: Robe              |    10 |     4 ||    14
Dodge: Dodged            |    15 |     8 ||    23

Table legend:
 A = Turns spent in this place as a percentage of turns spent in the entire game.
 B = Non-inter-level travel turns spent in this place as a percentage of non-inter-level travel turns spent in the entire game.
 C = Inter-level travel turns spent in this place as a percentage of turns spent in this place.
 D = Turns resting spent in this place as a percentage of non-inter-level travel turns spent in this place.
 E = Turns spent auto-exploring this place as a percentage of non-inter-level travel turns spent in this place.
 F = Non-inter-level travel turns spent in this place divided by the number of levels of this place that you've seen.
                   A       B       C       D       E      F
               +-------+-------+-------+-------+-------+----------------------
         Total | 100.0 | 100.0 |   0.0 |   0.0 |   0.0 |  75.8
       Dungeon |  99.7 |  99.7 |   0.0 |   0.0 |   0.0 | 100.7
         Abyss |   0.3 |   0.3 |   0.0 |   0.0 |   0.0 |   1.0
               +-------+-------+-------+-------+-------+----------------------

Table legend:
 A = Kills in this place as a percentage of kills in entire the game.
 B = Kills by you in this place as a percentage of kills by you in the entire game.
 C = Kills by friends in this place as a percentage of kills by friends in the entire game.
 D = Other kills in this place as a percentage of other kills in the entire game.
 E = Experience gained in this place as a percentage of experience gained in the entire game.
 F = Experience gained in this place divided by the number of levels of this place that you have seen.
                   A       B       C       D       E      F
               +-------+-------+-------+-------+-------+----------------------
         Total | 100.0 | 100.0 |  -nan |  -nan | 100.0 |  24.8
       Dungeon | 100.0 | 100.0 |  -nan |  -nan | 100.0 |  33.0
               +-------+-------+-------+-------+-------+----------------------
